 Dungeon Crawl Stone Soup version 0.28-a0-863-g8cecda6153 (webtiles) character file.

Game seed: 3810897837036901498

743 tsouns the Ducker (level 7, 0/84 HPs)
             Began as a Gnoll Gladiator on Nov 19, 2021.
             Slain by a water moccasin (3 damage)
             ... on level 5 of the Dungeon.
             The game lasted 00:07:47 (5020 turns).

tsouns the Ducker (Gnoll Gladiator)                 Turns: 5020, Time: 00:07:48

Health: 0/84       AC:  4    Str: 13    XL:     7   Next: 76%
Magic:  10/11      EV: 14    Int: 10    God:
Gold:   202        SH:  0    Dex: 13    Spells: 9/11 levels left

rFire   . . .      SeeInvis .   v - +1 scimitar (flame)
rCold   . . .      Faith    .   (no shield)
rNeg    . . .      Spirit   .   b - +0 leather armour
rPois   .          Reflect  .   c - +0 helmet
rElec   .          Harm     .   (no cloak)
rCorr   .          Rampage  .   (no gloves)
Will    .....                   (no boots)
Stlth   ..........              (no amulet)
HPRegen 0.24/turn               (no ring)
MPRegen 0.12/turn               (no ring)

@: berserking, lethally poisoned (0 -> -7), very quick
A: fangs 1, strong nose, distributed training
a: no special abilities


You were on level 5 of the Dungeon.
You visited 1 branch of the dungeon, and saw 5 of its levels.

You collected 202 gold pieces.

Inventory:

Hand Weapons
 l - a +1 dagger of venom
 m - a +2 flail of draining
 v - a +1 scimitar of flaming (weapon)
Missiles
 j - 12 poisoned darts (quivered)
Armour
 b - a +0 leather armour (worn)
 c - a +0 helmet (worn)
 g - a +0 plate armour
Wands
 t - a wand of flame (22)
 u - a wand of paralysis (10)
Scrolls
 d - a scroll of immolation
 e - 2 scrolls of brand weapon
 k - 3 scrolls of fear
Potions
 f - a potion of flight
 h - a potion of attraction {unknown}
 i - 2 potions of cancellation
 n - a potion of haste {unknown}
 o - a potion of lignification {unknown}
 q - a potion of mutation {unknown}
 r - a potion of curing {unknown}


   Skills:
 + Level 5.3 Fighting
 + Level 2.7 Short Blades
 + Level 7.1 Long Blades
 + Level 2.7 Axes
 + Level 2.7 Maces & Flails
 + Level 2.7 Polearms
 + Level 2.7 Staves
 + Level 2.7 Slings
 + Level 2.7 Bows
 + Level 2.7 Crossbows
 + Level 5.3 Throwing
 + Level 2.7 Armour
 + Level 7.1 Dodging
 + Level 2.7 Stealth
 + Level 2.7 Shields
 + Level 2.7 Unarmed Combat
 + Level 2.7 Spellcasting
 + Level 2.2 Conjurations
 + Level 2.2 Hexes
 + Level 2.2 Summonings
 + Level 2.2 Necromancy
 + Level 2.2 Translocations
 + Level 2.2 Transmutations
 + Level 2.2 Fire Magic
 + Level 2.2 Ice Magic
 + Level 2.2 Air Magic
 + Level 2.2 Earth Magic
 + Level 2.2 Poison Magic
 + Level 3.0 Invocations
 + Level 2.7 Evocations


You had 9 spell levels left.
You knew the following spells:

 Your Spells              Type           Power      Damage    Failure   Level
a - Passwall              Tmut/Erth      4%         N/A       22%         2

Your spell library contained the following spells:

 Spells                   Type           Power      Damage    Failure   Level
 Sandblast                Erth           10%        2d5       16%         1
 Stone Arrow              Conj/Erth      10%        3d7       41%         3


Dungeon Overview and Level Annotations

Branches:
Dungeon (5/15)
 Temple: D:4-7

Altars:
Dithmenos


Innate Abilities, Weirdness & Mutations

You have very sharp teeth.
Your uncanny sense of smell can sniff out nearby items.
Your experience applies equally to all skills.


Message History

Your bite misses the centaur. The centaur hits you. The centaur misses you.
You hit the centaur. You burn the centaur.
The centaur is moderately wounded.
The centaur barely misses you. x3
The centaur kicks you but does no damage.
You hit the centaur but do no damage.
The centaur is moderately wounded.
The centaur closely misses you. The centaur misses you. The centaur hits you.
* * * LOW HITPOINT WARNING * * *
The centaur kicks you.
* * * LOW HITPOINT WARNING * * *
You hit the centaur. You burn the centaur.
The centaur is heavily wounded.
The centaur closely misses you.
The centaur kicks you but does no damage.
You slash the centaur! You burn the centaur.
You kill the centaur!
The water moccasin bites you.
* * * LOW HITPOINT WARNING * * *
The water moccasin bites you.
* * * LOW HITPOINT WARNING * * *
You are lethally poisoned!
The water moccasin poisons you!
Your Invocations skill increases to level 3!
Drinking this now will have no effect.
It was a potion of berserk rage.
A red film seems to cover your vision as you go berserk!
You feel yourself moving faster!
You feel mighty!
* * * LOW HITPOINT WARNING * * *
You feel very sick. The water moccasin bites you.
* * * LOW HITPOINT WARNING * * *
You miss the water moccasin.
* * * LOW HITPOINT WARNING * * *
You feel sick. The water moccasin closely misses you.
You slash the water moccasin! You burn the water moccasin.
The water moccasin is severely wounded.
* * * LOW HITPOINT WARNING * * *
You feel sick. The water moccasin bites you.
You die...

#.# #. #(###. ##########
#..... #........# ######
#........######### .
#...............#. ...
#...............#.
.....##...............#.
......)@................
......S.................
.....######...........##
..... #...........# ....
#...........# ...
#...........# .?.
#...........#
#...........#
#...........#


You could see a water moccasin.

Vanquished Creatures
  2 centaurs (D:5)
  A bullfrog (D:4)
  2 scorpions
  A hound (D:5)
  A centaur skeleton (D:5)
  An orc priest (D:4)
  An iguana (D:4)
  Ijyb (D:3)
  Natasha (thrice) (D:3)
  3 orc wizards (D:4)
  2 adders
  An adder skeleton (D:5)
  A worm (D:3)
  6 dart slugs
  7 orcs
  7 endoplasms
  3 giant cockroaches
  6 goblins
  10 hobgoblins
  6 jackals
  9 kobolds
  3 quokkas
  6 ball pythons
  4 bats
  3 frilled lizards
  5 rats
95 creatures vanquished.

Notes
Turn   | Place    | Note
-------+----------+-------------------------------------------
     0 | D:1      | tsouns the Gnoll Gladiator began the quest for the Orb.
     0 | D:1      | Reached XP level 1. HP: 20/20 MP: 1/1
   141 | D:1      | Reached XP level 2. HP: 26/26 MP: 2/2
   888 | D:2      | Reached XP level 3. HP: 26/31 MP: 3/3
  1049 | D:2      | Found a shadowy altar of Dithmenos.
  1168 | D:2      | Reached skill level 1 in Invocations
  1409 | D:2      | Reached skill level 1 in Short Blades
  1409 | D:2      | Reached skill level 1 in Axes
  1409 | D:2      | Reached skill level 1 in Maces & Flails
  1409 | D:2      | Reached skill level 1 in Polearms
  1409 | D:2      | Reached skill level 1 in Staves
  1409 | D:2      | Reached skill level 1 in Slings
  1409 | D:2      | Reached skill level 1 in Bows
  1409 | D:2      | Reached skill level 1 in Crossbows
  1409 | D:2      | Reached skill level 1 in Armour
  1409 | D:2      | Reached skill level 1 in Stealth
  1409 | D:2      | Reached skill level 1 in Shields
  1409 | D:2      | Reached skill level 1 in Unarmed Combat
  1409 | D:2      | Reached skill level 1 in Spellcasting
  1409 | D:2      | Reached skill level 1 in Evocations
  1526 | D:2      | Reached XP level 4. HP: 38/38 MP: 5/5
  1724 | D:3      | Noticed Natasha
  1733 | D:3      | Killed Natasha
  1734 | D:3      | Reached skill level 1 in Conjurations
  1734 | D:3      | Reached skill level 1 in Hexes
  1734 | D:3      | Reached skill level 1 in Summonings
  1734 | D:3      | Reached skill level 1 in Necromancy
  1734 | D:3      | Reached skill level 1 in Translocations
  1734 | D:3      | Reached skill level 1 in Transmutations
  1734 | D:3      | Reached skill level 1 in Fire Magic
  1734 | D:3      | Reached skill level 1 in Ice Magic
  1734 | D:3      | Reached skill level 1 in Air Magic
  1734 | D:3      | Reached skill level 1 in Earth Magic
  1734 | D:3      | Reached skill level 1 in Poison Magic
  2056 | D:3      | Noticed Natasha
  2105 | D:3      | Killed Natasha
  2106 | D:3      | Reached XP level 5. HP: 18/43 MP: 5/7
  2598 | D:3      | Noticed Ijyb
  2611 | D:3      | Killed Ijyb
  3091 | D:3      | Noticed Natasha
  3096 | D:3      | Killed Natasha
  3618 | D:4      | Reached XP level 6. HP: 41/50 MP: 8/8
  3877 | D:4      | Reached skill level 5 in Fighting
  3877 | D:4      | Reached skill level 5 in Throwing
  4258 | D:4      | Reached XP level 7. HP: 56/56 MP: 10/10
  4441 | D:5      | Entered Level 5 of the Dungeon
  4884 | D:5      | Learned a level 2 spell: Passwall
  5019 | D:5      | HP: 4/84 [poisoned by a water moccasin]
  5020 | D:5      | Slain by a water moccasin

Illustrated notes

Levels and vault maps discovered:
D:1:      psy_arrival_radial02, layout_loops_ring
D:2:      layout_rooms, basic_altar
D:3:      layout_loops_ring, minivault_11, minmay_misc_feat_alley,
          chequers_serial_rivers_micro_d, uniq_ijyb, uniq_natasha
D:4:      layout_rooms, kennysheep_generic_room_7
D:5:      layout_basic, grunt_ministairs_1, nrook_mini_backslash

Skill      XL: |  1  2  3  4  5  6  7 |
---------------+----------------------+-----
Invocations    | 1 2 3 |  3.0
Short Blades   | 1 2 |  2.7
Axes           | 1 2 |  2.7
Maces & Flails | 1 2 |  2.7
Polearms       | 1 2 |  2.7
Staves         | 1 2 |  2.7
Slings         | 1 2 |  2.7
Bows           | 1 2 |  2.7
Crossbows      | 1 2 |  2.7
Armour         | 1 2 |  2.7
Stealth        | 1 2 |  2.7
Shields        | 1 2 |  2.7
Unarmed Combat | 1 2 |  2.7
Spellcasting   | 1 2 |  2.7
Evocations     | 1 2 |  2.7
Conjurations   | 1 2 |  2.2
Hexes          | 1 2 |  2.2
Summonings     | 1 2 |  2.2
Necromancy     | 1 2 |  2.2
Translocations | 1 2 |  2.2
Transmutations | 1 2 |  2.2
Fire Magic     | 1 2 |  2.2
Ice Magic      | 1 2 |  2.2
Air Magic      | 1 2 |  2.2
Earth Magic    | 1 2 |  2.2
Poison Magic   | 1 2 |  2.2
Fighting       | 5 |  5.3
Throwing       | 5 |  5.3
Long Blades    | 7 |  7.1
Dodging        | 7 |  7.1

Action                   |  1- 3 |  4- 6 |  7- 9 || total
-------------------------+-------+-------+-------++-------
Melee: Long sword        |    96 |   110 |       ||   206
       Bite              |     9 |    17 |     4 ||    30
       Scimitar          |       |    67 |    24 ||    91
       Punch             |       |       |     1 ||     1
Throw: Throwing net      |       |     2 |     1 ||     3
  Use: Scroll            |       |     9 |       ||     9
       Potion            |       |     2 |     1 ||     3
 Stab: Sleeping          |     2 |     3 |     1 ||     6
       Held in net/web   |       |     1 |       ||     1
Armor: Leather armour    |    25 |    42 |    12 ||    79
       Plate armour      |       |    10 |       ||    10
Dodge: Dodged            |    60 |   115 |    35 ||   210

Table legend: (Time is in decaauts)
 A = Elapsed time spent in this place.
 B = Non-inter-level travel time spent in this place.
 C = Inter-level travel time spent in this place.
 D = Time resting spent in this place.
 E = Time spent auto-exploring this place.
 F = Levels seen in this place.
 G = Mean time per level.
                   A        B        C        D        E       F      G
               +--------+--------+--------+--------+--------+-----+--------+
         Total |   5059 |   4930 |    129 |      0 |   4064 |   5 | 1011.8 |
       Dungeon |   5059 |   4930 |    129 |      0 |   4064 |   5 | 1011.8 |
               +--------+--------+--------+--------+--------+-----+--------+

Top non-repeatable levels by time:
     D:3: 1708 daAuts
     D:4: 1464 daAuts
     D:1: 842 daAuts
     D:2: 795 daAuts
     D:5: 248 daAuts
